Map: Nightscape CE

Players

poo - Winner!

  • Race: Terran Terran
  • Spawn Location: 1:00

Stoogers - Winner!

  • Race: Protoss Protoss
  • Spawn Location: 1:00

EggMan

  • Race: Terran Terran
  • Spawn Location: 7:00

Mathias

  • Race: Protoss Protoss
  • Spawn Location: 7:00

VOD

Have the link to the VOD?

Description

Time

  • Played on: Dec. 20, 2025, 7:01 p.m.
  • Length: 25:50
Show
View Real Time Build Order
Export as new Build Order

poo Terran - Winner!

Build Orders:  

Get SALT Encoding   

  12  0:01  SCV  
  13  0:14  Refinery  
  13  0:20  Refinery  
  13  0:22  SCV  
  14  0:38  Supply Depot  
  14  0:49  Supply Depot  
  14  1:04  SCV, Barracks  
  15  1:23  Supply Depot  
  15  1:33  Engineering Bay  
  15  1:46  Supply Depot  
  15  1:48  SCV  
  16  1:56  Barracks Reactor  
  16  2:01  SCV  
  17  2:24  Supply Depot  
  17  2:33  Factory  
  17  2:36  Reaper x2  
  19  3:08  Reaper  
  19  3:09  Reaper  
  21  3:28  Factory Tech Lab  
  21  3:33  Command Center  
  21  3:40  Barracks  
  21  3:42  Reaper  
  22  4:04  Refinery, Hellion  
  20  5:08  Barracks Tech Lab  
  20  5:12  Siege Tank  
  23  5:17  SCV  
  23  5:18  Factory  
  23  5:20  SCV  
  25  5:24  Marine x2  
  27  5:29  SCV  
  27  5:31  Marauder  
  27  5:32  SCV  
  31  5:42  Marine x2  
  33  5:43  SCV  
  33  5:46  SCV  
  35  5:52  Marauder  
  37  6:00  Marine x2  
  37  6:02  SCV  
  40  6:09  Hellion  
  42  6:13  Siege Tank  
  42  6:17  Marine  
  42  6:18  Marine, SCV  
  48  6:41  Terran Infantry Weapons Level 1  
  48  6:48  Command Center  
  48  6:56  Marine  
  48  6:57  Marine  
  48  6:59  Marauder  
  52  7:03  Hellion  
  54  7:13  Starport  
  54  7:14  Marine  
  54  7:15  Marine  
  56  7:20  Marauder  
  56  7:22  SCV  
  59  7:26  SCV  
  60  7:31  Refinery  
  60  7:33  Hellion  
  60  7:34  SCV  
  60  7:35  Refinery  
  63  7:45  Starport  
  63  7:50  Refinery  
  63  8:19  Medivac  
  65  8:24  Hellion, Marine x2  
  66  8:36  Terran Infantry Armor Level 1  
  66  8:42  Marine x2  
  66  8:45  Hellion  
  70  8:49  Medivac  
  70  8:50  SCV  
  70  8:52  SCV  
  70  8:55  SCV  
  75  9:00  Marine x2  
  75  9:02  SCV  
  78  9:04  Starport Tech Lab, SCV  
  78  9:07  SCV  
  80  9:14  SCV  
  80  9:15  Siege Tank  
  80  9:16  SCV  
  85  9:24  Factory Tech Lab  
  85  9:25  Armory  
  85  9:28  Fusion Core  
  85  9:46  Supply Depot  
  85  9:50  Supply Depot x2  
  85  9:55  Supply Depot  
  85  10:07  Marine x2, Medivac, Siege Tank  
  85  10:12  Marauder  
  94  10:19  Banshee  
  97  10:25  SCV, Marine x2  
  100  10:30  SCV  
  100  10:33  Marauder  
  103  10:37  SCV, Medivac, Supply Depot  
  106  10:42  Supply Depot  
  106  10:43  SCV  
  107  10:56  Terran Vehicle Weapons Level 1  
  107  11:02  Banshee  
  110  11:07  Medivac  
  112  11:24  Marine x2  
  114  11:27  Marauder  
  116  11:37  Viking  
  118  11:45  Banshee  
  118  11:46  Supply Depot  
  121  11:50  Supply Depot  
  121  11:53  Supply Depot  
  121  11:57  Supply Depot  
  121  12:07  Viking  
  123  12:24  Command Center  
  123  12:28  Battlecruiser  
  129  12:31  Marine x2  
  129  12:33  Marauder  
  131  12:37  Viking  
  129  12:50  Terran Vehicle And Ship Armor Level 1  
  126  12:52  SCV  
  127  13:00  Missile Turret x2  
  127  13:02  Missile Turret  
  127  13:03  Missile Turret  
  127  13:04  SCV  
  128  13:07  Missile Turret x2  
  128  13:09  Missile Turret  
  128  13:13  Missile Turret  
  128  13:19  Missile Turret  
  128  13:21  Missile Turret  
  128  13:24  Missile Turret  
  128  13:27  Missile Turret  
  128  13:32  Battlecruiser  
  134  13:48  SCV  
  135  13:51  SCV  
  135  13:52  SCV  
  135  13:53  SCV  
  138  13:57  Marine x2  
  138  13:59  Terran Infantry Weapons Level 2  
  138  14:00  SCV  
  141  14:03  SCV, Weapon Refit  
  141  14:04  SCV  
  141  14:05  SCV  
  144  14:13  Refinery  
  144  14:18  SCV, Refinery  
  145  14:30  SCV  
  146  14:43  Medivac  
  146  14:44  Terran Ship Weapons Level 1  
  146  14:45  Battlecruiser  
  143  15:13  Medivac  
  145  15:25  Marauder  
  145  15:26  Marine x2  
  147  15:36  Caduceus Reactor  
  142  15:43  Marine  
  142  15:44  Marine  
  142  15:46  Marauder  
  142  15:49  Medivac  
  144  16:01  Marine x2  
  144  16:03  Viking  
  145  16:10  Marauder  
  147  16:14  Terran Infantry Armor Level 2  
  147  16:19  Medivac, Marine x2  
  151  16:32  Marauder  
  153  16:33  Viking, Advanced Ballistics  
  153  16:38  Terran Vehicle Weapons Level 2  
  155  16:49  Medivac  
  157  17:03  Viking, Supply Depot  
  157  17:07  Supply Depot  
  159  17:15  Supply Depot  
  159  17:19  Viking  
  161  17:33  Viking  
  163  17:48  Supply Depot  
  163  17:49  Viking  
  165  17:54  Supply Depot  
  165  17:55  Supply Depot  
  165  18:03  Viking  
  167  18:19  Viking  
  169  18:33  Viking  
  170  18:49  Viking  
  170  18:54  Terran Vehicle And Ship Armor Level 2  
  160  19:03  Viking  
  158  19:22  Marine  
  158  19:23  Marine  
  162  19:35  Battlecruiser  
  166  19:40  Marine x2  
  168  20:39  Battlecruiser  
  168  21:33  Marine x2  
  168  21:36  Marauder  
  168  21:39  Viking  
  174  21:43  Battlecruiser  
  174  21:45  Thor  
  186  21:50  Terran Vehicle Weapons Level 3  
  186  21:51  Marine x2  
  186  21:52  Terran Infantry Weapons Level 3  
  188  21:58  Marauder  
  190  22:08  Marine  
  190  22:09  Marine, Viking  
  188  22:19  Marauder  
  190  22:28  Thor  
  198  22:32  Hellbat  
  198  22:39  Viking  
  200  23:25  Command Center  
Show
View Real Time Build Order
Export as new Build Order

Stoogers Protoss - Winner!

Build Orders: Carriers 

Get SALT Encoding   

  12  0:00  Probe  
  13  0:12  Probe  
  14  0:20  Pylon  
  14  0:24  Probe  
  15  0:38  Probe  
  15  0:41  Gateway  
  16  0:50  Probe  
  17  1:00  Assimilator  
  17  1:02  Probe  
  18  1:04  Assimilator  
  18  1:14  Probe  
  19  1:26  Probe  
  19  1:31  Cybernetics Core  
  20  1:40  Probe  
  20  1:42  Zealot  
  23  1:50  Warp Gate  
  23  2:02  Gateway  
  23  2:05  Pylon  
  23  2:23  Probe, Zealot  
  26  2:35  Probe  
  27  2:48  Probe  
  30  3:00  Probe  
  30  3:04  Zealot  
  31  3:10  Nexus  
  31  3:13  Pylon  
  31  3:25  Pylon  
  31  3:31  Probe, Zealot x2  
  36  3:43  Probe  
  37  3:59  Pylon  
  37  4:02  Probe  
  38  4:14  Probe  
  39  4:22  Gateway  
  39  4:26  Gateway  
  39  4:27  Probe, Gateway  
  40  4:33  Forge, Zealot x2  
  44  4:41  Probe x2  
  46  4:49  Assimilator  
  46  4:53  Assimilator, Probe x2  
  46  4:54  Zealot x2  
  52  5:04  Protoss Air Weapons Level 1  
  52  5:05  Twilight Council, Probe x2  
  54  5:34  Pylon  
  54  5:37  Pylon  
  54  5:39  Probe x2  
  56  5:43  Nexus  
  56  5:51  Charge, Probe x2  
  56  5:56  Zealot x3  
  56  5:57  Protoss Ground Weapons Level 1  
  64  6:03  Probe  
  65  6:04  Probe  
  66  6:15  Probe  
  66  6:16  Probe  
  68  6:19  Zealot  
  68  6:20  Zealot  
  72  6:27  Stalker  
  74  6:37  Stargate  
  74  6:40  Robotics Facility  
  74  6:43  Probe x2  
  76  6:48  Zealot  
  78  6:55  Probe x2  
  80  7:12  Protoss Air Armor Level 1  
  80  7:24  Probe x2  
  80  7:28  Probe  
  83  7:36  Probe x2  
  85  7:40  Probe  
  82  7:48  Probe x2  
  70  7:52  Probe  
  70  7:53  Stalker x5  
  75  8:00  Assimilator, Probe  
  75  8:04  Assimilator, Probe  
  77  8:11  Immortal  
  81  8:16  Probe  
  82  8:23  Void Ray  
  75  8:30  Zealot x4  
  75  8:31  Zealot  
  82  8:51  Immortal  
  82  8:52  Nexus  
  86  8:58  Pylon  
  86  9:02  Pylon  
  86  9:04  Pylon  
  86  9:08  Pylon  
  86  9:14  Assimilator  
  86  9:16  Probe x2  
  92  9:22  Void Ray  
  92  9:26  Stalker x3  
  92  9:28  Probe x2  
  100  9:41  Probe x2  
  102  9:48  Zealot x2  
  106  9:53  Probe x2  
  108  10:05  Probe  
  108  10:07  Probe x2  
  110  10:11  Zealot  
  110  10:12  Zealot  
  115  10:17  Probe  
  115  10:19  Probe  
  115  10:20  Pylon  
  117  10:26  Fleet Beacon  
  117  10:31  Pylon  
  117  10:32  Stalker x4  
  117  10:33  Pylon, Stalker  
  127  10:39  Probe x3  
  130  10:51  Probe x3  
  133  11:08  Stargate  
  133  11:09  Stargate  
  133  11:13  Robotics Facility, Protoss Ground Armor Level 1  
  133  11:14  Robotics Facility  
  133  11:20  Probe x2  
  133  11:21  Probe  
  133  11:25  Protoss Air Weapons Level 2  
  137  11:32  Probe  
  137  11:33  Probe  
  137  11:38  Carrier  
  144  11:55  Templar Archives  
  144  11:56  Probe x3  
  144  12:01  Zealot x3  
  151  12:05  Immortal  
  157  12:29  Nexus  
  157  12:31  Pylon  
  157  12:35  Pylon  
  157  12:38  Pylon  
  157  12:49  Probe x2  
  157  12:50  Immortal  
  163  12:51  Probe  
  164  13:01  Assimilator  
  164  13:02  Probe x2  
  164  13:03  Carrier x2  
  178  13:06  Assimilator  
  178  13:15  Protoss Shields Level 1  
  178  13:41  Carrier  
  184  13:58  Protoss Air Armor Level 2  
  184  14:03  Immortal x2  
  184  14:04  Immortal  
  196  14:23  Pylon  
  196  14:41  Tempest  
  187  16:13  Probe x3  
  187  16:14  Probe  
  191  16:19  Protoss Ground Weapons Level 2  
  191  16:23  Pylon  
  191  16:27  Pylon  
  191  16:31  Probe x2  
  191  16:32  Probe  
  187  16:33  Pylon  
  187  16:35  Pylon  
  187  16:37  High Templar x3  
  187  16:44  Probe x3  
  189  17:14  High Templar  
  189  17:15  High Templar x4  
  174  17:43  Psionic Storm  
  174  18:09  High Templar x3  
  174  18:10  High Templar x2  
  184  18:20  Carrier x2  
  184  18:23  Nexus  
  184  18:26  Void Ray  
  154  19:14  High Templar x2  
  154  19:15  High Templar x2  
  162  19:25  Stalker  
  162  19:30  Carrier x3  
  182  19:34  Immortal x3  
  194  20:13  Immortal  
  190  20:34  Carrier  
  182  20:38  High Templar  
  182  20:39  High Templar x3  
  182  20:40  Stalker  
  192  20:44  Carrier  
  150  21:34  High Templar x5  
  160  21:43  Gateway  
  160  22:02  Tempest x3  
  160  22:08  Immortal x3  
  184  22:25  Assimilator  
  184  22:29  Assimilator  
  184  22:38  Stalker x3  
  184  22:39  Stalker x2  
  184  22:43  Protoss Ground Weapons Level 3  
  194  22:48  Anion Pulse-Crystals  
  194  22:51  Void Ray  
  198  23:00  Protoss Air Weapons Level 3  
  198  23:04  Stalker  
  184  23:52  Flux Vanes  
  124  24:21  Stalker  
  124  24:23  Stalker x3  
  124  24:24  Stalker x2  
  144  24:33  Void Ray x3  
  144  24:49  Stalker x2  
  144  24:52  Zealot x4  
Show
View Real Time Build Order
Export as new Build Order

EggMan Terran 

Build Orders:  

Get SALT Encoding   

  12  0:00  SCV  
  13  0:15  Supply Depot  
  13  0:17  SCV  
  14  0:30  SCV  
  14  0:31  Supply Depot  
  15  0:46  Supply Depot  
  15  0:59  Refinery  
  15  1:01  SCV  
  16  1:08  Supply Depot  
  16  1:13  SCV  
  17  1:25  SCV  
  18  1:37  SCV  
  18  1:38  Barracks  
  19  1:49  SCV  
  19  1:51  Refinery  
  20  2:08  Barracks  
  20  2:09  SCV  
  21  2:21  SCV  
  22  2:27  Supply Depot  
  22  2:33  SCV  
  22  2:35  Bunker  
  23  2:50  SCV  
  24  2:52  Barracks Reactor  
  24  2:57  Barracks  
  24  3:01  Supply Depot  
  24  3:02  SCV  
  25  3:14  SCV  
  25  3:16  Barracks Reactor  
  26  3:26  SCV  
  27  3:28  Supply Depot  
  27  3:37  Command Center  
  27  3:42  SCV  
  27  3:43  Marine x2  
  30  3:54  SCV  
  30  3:55  Marine x3  
  33  4:00  Marine  
  35  4:06  SCV  
  36  4:10  Supply Depot  
  33  4:18  SCV  
  33  4:21  Marine x2  
  33  4:22  Marine  
  37  4:30  Barracks Reactor  
  37  4:33  Marine  
  37  4:35  Barracks  
  38  4:39  Marine  
  37  5:01  SCV  
  37  5:04  SCV  
  37  5:06  Marine x4  
  43  5:07  Marine  
  43  5:13  SCV  
  45  5:16  SCV  
  45  5:19  Refinery  
  46  5:22  Refinery  
  46  5:25  SCV  
  47  5:29  SCV  
  47  5:34  Factory  
  48  5:38  SCV, Marine x4  
  48  5:39  Marine  
  48  5:41  SCV  
  55  5:54  SCV x2  
  57  5:59  Marine x3  
  60  6:10  Supply Depot  
  60  6:11  Barracks Tech Lab  
  60  6:20  SCV x2  
  60  6:21  Marine x2  
  60  6:22  Marine  
  60  6:24  Engineering Bay  
  65  6:32  SCV x2  
  67  6:33  Combat Shield, Supply Depot  
  67  6:38  Marine x3  
  67  6:39  Marine  
  71  6:44  SCV  
  73  7:01  SCV x2  
  73  7:02  Command Center  
  74  7:13  Supply Depot  
  74  7:18  SCV x2  
  74  7:20  Marine  
  77  7:30  SCV x2  
  77  7:32  Terran Infantry Weapons Level 1  
  79  7:41  Supply Depot  
  79  7:46  Marine  
  80  7:52  Stimpack  
  80  8:03  Marine x5  
  80  8:04  Marine  
  80  8:05  SCV x2  
  88  8:16  Refinery  
  88  8:17  SCV x2  
  88  8:18  Starport  
  88  8:19  Starport  
  88  8:20  Starport  
  81  8:29  SCV x2  
  61  9:15  Refinery  
  61  9:23  Starport Tech Lab  
  61  9:26  Starport Reactor  
  61  9:27  Terran Infantry Armor Level 1, Starport Reactor  
  61  9:31  Concussive Shells  
  61  9:34  Starport Tech Lab  
  61  9:39  Marine x2  
  61  9:40  Marine x4  
  61  9:44  Factory Tech Lab  
  67  9:55  Armory  
  67  9:59  Fusion Core  
  67  10:07  SCV x2, Factory x2  
  69  10:14  Factory  
  69  10:18  SCV  
  69  10:19  SCV x2  
  72  10:26  Marine x2  
  74  10:30  SCV  
  75  10:39  Siege Tank  
  75  10:42  Marine x4  
  81  10:44  Marine x2  
  84  10:50  Battlecruiser  
  84  10:51  Battlecruiser  
  84  10:54  Medivac  
  84  10:55  Medivac  
  100  10:59  Marine  
  100  11:00  Marine x3  
  100  11:01  SCV x3  
  100  11:02  Marine x2  
  109  11:12  Widow Mine  
  109  11:13  SCV x3  
  109  11:14  Cloaking Field  
  109  11:17  Marine  
  109  11:18  Marine x3  
  117  11:19  Infernal Pre-Igniter, Marine  
  117  11:20  Marine  
  117  11:21  Neosteel Armor  
  117  11:25  SCV  
  121  11:33  Siege Tank, SCV x2  
  121  11:35  Marine  
  121  11:36  Marine x3  
  121  11:37  SCV, Marine x2  
  133  11:45  SCV  
  133  11:46  SCV  
  135  11:51  Hyperflight Rotors  
  135  11:52  Command Center  
  135  11:55  Battlecruiser  
  141  12:11  Supply Depot x2  
  141  12:12  Supply Depot  
  141  12:14  Supply Depot x2  
  141  12:33  Battlecruiser, Widow Mine  
  141  12:35  Supply Depot  
  141  12:37  Supply Depot  
  149  12:38  Mag-Field Accelerator  
  149  12:45  Supply Depot  
  149  12:47  SCV x3, Supply Depot  
  149  12:49  Marine  
  149  12:50  Marine x5  
  152  12:53  Supply Depot  
  152  12:54  Siege Tank  
  155  12:59  SCV x3, Battlecruiser  
  155  13:01  Hi-Sec Auto Tracking  
  164  13:07  Marine x2  
  164  13:08  Marine x2  
  164  13:11  SCV x2  
  170  13:14  Supply Depot  
  170  13:15  Supply Depot  
  170  13:16  Supply Depot  
  170  13:26  Siege Tank  
  173  13:35  Marine  
  173  13:36  Marine x5  
  179  13:52  Interference Matrix  
  179  13:53  Marine x2  
  179  13:54  Marine x4  
  185  13:57  Terran Infantry Weapons Level 2  
  185  13:58  Widow Mine  
  185  14:00  Missile Turret  
  187  14:09  Refinery  
  187  14:10  Refinery  
  187  14:11  Marine x6  
  187  14:15  Missile Turret  
  187  14:16  Missile Turret  
  193  14:17  Missile Turret x2, Drilling Claws  
  193  14:18  Missile Turret  
  193  14:19  Missile Turret  
  193  14:20  Siege Tank, Missile Turret  
  193  14:23  Missile Turret  
  196  14:29  Marine x4  
  200  14:31  Missile Turret  
  200  14:33  Missile Turret  
  200  14:34  Missile Turret x2  
  200  14:35  Missile Turret  
  200  14:36  Missile Turret  
  200  14:37  Missile Turret  
  200  14:38  Missile Turret x2  
  200  14:39  Missile Turret  
  200  14:42  Missile Turret x2  
  175  15:59  Battlecruiser  
  175  16:00  Battlecruiser  
  175  16:03  Siege Tank  
  184  16:06  Marine x2  
  186  16:36  Widow Mine  
  186  17:03  Battlecruiser  
  186  17:04  Battlecruiser  
  191  17:21  Command Center  
  146  17:49  Widow Mine  
  148  18:00  Factory  
  148  18:02  Factory x2  
  148  18:04  Factory  
  148  18:08  Battlecruiser x2  
  148  18:10  Widow Mine  
  162  18:32  Widow Mine  
  164  18:34  Refinery  
  164  18:40  Missile Turret  
  163  18:41  Missile Turret  
  163  18:43  Missile Turret x2  
  159  18:49  Missile Turret  
  159  18:53  Widow Mine  
  122  19:00  Refinery  
  106  19:12  Battlecruiser x2  
  106  19:15  Widow Mine  
  120  19:28  Marine x6  
  126  19:42  Missile Turret  
  126  19:45  Missile Turret  
  120  19:46  Marine x6, Missile Turret x2  
  120  19:47  Missile Turret  
  120  19:48  Missile Turret x2  
  120  19:49  Missile Turret x3  
  120  19:50  Missile Turret  
  126  20:03  Marine  
  126  20:04  Marine x5  
  126  20:06  Missile Turret  
  132  20:09  Missile Turret x2  
  132  20:10  Missile Turret  
  132  20:12  Missile Turret  
  132  20:13  Missile Turret  
  128  20:16  Battlecruiser  
  128  20:17  Battlecruiser  
  131  20:21  Marine  
  131  20:22  Marine x5  
  137  20:28  Siege Tank  
  140  20:48  Command Center  
  137  21:00  Siege Tank  
  137  21:11  Missile Turret x3  
  134  21:16  Missile Turret  
  100  21:33  Siege Tank  
  103  22:05  Siege Tank  
  106  22:10  Command Center  
  106  22:27  Missile Turret x2, Marine  
  106  22:28  Marine x5  
  112  22:31  Missile Turret  
  112  22:37  Siege Tank  
  115  22:45  Marine  
  115  22:46  Marine x2  
  118  23:04  Refinery  
  118  23:06  Refinery  
  76  23:49  Command Center  
  76  23:54  Marine  
  76  23:55  Marine x5  
  78  24:06  Missile Turret  
  78  24:07  Missile Turret  
  78  24:12  Marine  
  78  24:13  Marine x5  
  84  24:30  Marine x3  
  84  24:31  Marine x3  
  90  24:39  SCV x3  
  90  24:40  SCV x3  
  96  24:48  Marine x3  
  96  24:51  SCV x2  
  96  24:52  SCV  
Show
View Real Time Build Order
Export as new Build Order

Mathias Protoss 

Build Orders:  

Get SALT Encoding   

  12  0:00  Probe  
  13  0:20  Pylon  
  13  0:31  Probe  
  14  0:41  Gateway  
  14  0:47  Gateway  
  14  0:52  Probe  
  15  1:03  Assimilator  
  15  1:04  Probe  
  16  1:15  Pylon  
  16  1:16  Probe  
  17  1:22  Pylon  
  17  1:28  Probe  
  17  1:29  Assimilator  
  18  1:46  Gateway  
  18  1:50  Pylon  
  18  2:03  Probe  
  19  2:12  Gateway  
  19  2:16  Probe  
  20  2:28  Probe  
  21  2:36  Cybernetics Core  
  21  2:40  Probe  
  22  2:52  Probe  
  23  3:03  Warp Gate  
  23  3:07  Nexus  
  23  3:23  Pylon  
  23  3:30  Pylon  
  23  3:40  Stalker x2  
  23  3:41  Stalker  
  23  3:43  Stalker  
  31  4:03  Twilight Council  
  31  5:02  Probe  
  32  5:09  Stalker x2  
  32  5:10  Stalker x2  
  32  5:13  Blink  
  40  5:15  Probe  
  41  5:22  Forge  
  41  5:27  Probe  
  42  5:35  Stalker x2  
  46  5:36  Stalker x2  
  46  5:39  Probe  
  51  5:47  Probe  
  51  5:56  Probe  
  52  5:59  Assimilator  
  53  6:04  Assimilator  
  53  6:05  Probe  
  54  6:17  Probe  
  55  6:19  Stalker x3  
  55  6:20  Stalker  
  63  6:28  Pylon  
  63  6:29  Protoss Shields Level 1, Probe  
  64  6:38  Pylon  
  64  6:52  Stalker x2  
  64  6:53  Stalker  
  70  6:55  Stalker  
  72  7:03  Probe  
  73  7:15  Stargate, Probe  
  74  7:27  Probe  
  75  7:39  Probe  
  66  9:07  Stalker x3  
  66  9:08  Stalker  
  66  9:09  Nexus  
  74  9:16  Stargate  
  74  9:20  Stargate  
  74  9:38  Pylon  
  74  9:57  Stalker  
  74  9:58  Stalker x3  
  82  10:02  Probe  
  83  10:10  Probe  
  83  10:20  Probe  
  75  11:11  Stalker x2  
  77  11:12  Stalker x2  
  83  11:30  Protoss Shields Level 2  
  83  11:53  Stalker x3  
  89  11:54  Stalker  
  89  12:01  Nexus  
  91  12:05  Probe  
  91  12:13  Probe  
  93  12:23  Probe  
  94  12:31  Assimilator  
  94  12:35  Probe, Assimilator  
  95  12:44  Stalker  
  95  12:45  Stalker x3  
  95  12:47  Probe  
  104  12:55  Probe  
  104  13:03  Probe  
  106  13:13  Probe  
  107  13:25  Probe  
  107  13:26  Pylon  
  108  13:32  Pylon  
  120  13:42  Void Ray x2  
  120  13:43  Void Ray  
  120  13:57  Probe  
  120  14:02  Stalker  
  123  14:03  Stalker x2  
  123  14:05  Stalker  
  130  14:10  Probe  
  130  14:22  Probe  
  143  14:25  Void Ray x2  
  143  14:26  Void Ray  
  147  15:08  Void Ray  
  145  16:39  Void Ray  
  135  16:40  Void Ray  
  135  17:55  Protoss Shields Level 3  
  147  18:01  Void Ray  
  147  18:02  Void Ray x2  
  147  18:06  Protoss Air Weapons Level 1  
  147  18:24  Assimilator  
  147  18:27  Assimilator  
  147  18:48  Void Ray x2  
  139  18:49  Void Ray  
  83  19:31  Void Ray x2  
  95  19:32  Void Ray  
  95  19:46  Charge  
  95  19:52  Zealot x2  
  99  19:53  Zealot x2  
  103  20:05  Protoss Air Armor Level 1  
  103  20:14  Void Ray x2  
  115  20:15  Void Ray  
  95  20:57  Void Ray x2  
  95  20:58  Void Ray  
  95  21:38  Zealot x2  
  95  21:39  Zealot x2  
  111  21:40  Void Ray x2  
  111  22:01  Zealot x3  
  113  22:02  Zealot  
  119  22:21  Protoss Ground Weapons Level 1  
  119  23:15  Zealot x2  
  119  23:16  Zealot x2  
  51  24:37  Void Ray x2  
  51  24:38  Void Ray  
  63  25:00  Zealot x4  
  69  25:22  Zealot x2  
  69  25:23  Zealot x2  
Tags
 
Add a new tag
Caveats
  • Supply blocks, unpowered buildings, or Contaminate may cause inaccurate times.
  • Supply counts are checked every 10 seconds.